Map: [ESL] Data-C

Players

HeroMarine - Winner!

  • Race: Terran Terran
  • Spawn Location: 3:00

Reynor

  • Race: Zerg Zerg
  • Spawn Location: 9:00

Event: DreamHack SC2 Masters 2022 Atlanta (Online)

VOD

Have the link to the VOD?

Description

Time

  • Played on: Oct. 14, 2022, 2:21 p.m.
  • Length: 17:45

All games in this series

Show
View Real Time Build Order
Export as new Build Order

HeroMarine Terran - Winner!

Build Orders: Command Center First (CC) 

Get SALT Encoding   

  12  0:00  SCV  
  13  0:12  SCV  
  14  0:16  Supply Depot  
  14  0:24  SCV  
  15  0:38  SCV  
  16  0:50  SCV  
  17  0:59  Command Center  
  17  1:02  SCV  
  18  1:12  Barracks  
  18  1:15  SCV  
  19  1:22  Refinery  
  19  1:28  SCV  
  19  1:29  Refinery  
  20  1:40  SCV  
  21  1:52  SCV  
  22  1:59  Reaper  
  23  2:04  Orbital Command  
  23  2:11  Orbital Command  
  23  2:19  Factory  
  24  2:30  SCV  
  24  2:31  Barracks Reactor  
  24  2:37  SCV  
  25  2:42  SCV  
  26  2:46  Command Center  
  26  2:49  SCV  
  27  2:54  SCV  
  28  3:01  SCV  
  28  3:03  Hellion  
  31  3:09  Starport, Marine x2  
  33  3:13  SCV  
  33  3:17  SCV  
  35  3:25  SCV  
  38  3:27  Hellion  
  38  3:31  Supply Depot  
  38  3:40  Barracks Tech Lab  
  38  3:52  SCV x2  
  38  3:55  Supply Depot, Hellion x2  
  44  3:58  Orbital Command  
  44  4:01  Cloaking Field  
  44  4:02  Banshee  
  47  4:04  SCV x2, Barracks Tech Lab  
  49  4:16  SCV x2  
  51  4:23  Stimpack  
  51  4:24  Refinery  
  51  4:25  Refinery  
  51  4:26  SCV  
  51  4:28  SCV x2  
  51  4:29  Barracks, Factory Reactor  
  51  4:30  Marine  
  55  4:31  Barracks  
  55  4:38  SCV  
  56  4:40  SCV x2  
  56  4:44  Engineering Bay  
  56  4:45  Engineering Bay  
  58  4:47  Banshee  
  58  4:50  SCV  
  62  4:53  SCV x2  
  62  4:55  Supply Depot  
  62  4:57  Marine  
  63  5:02  SCV  
  63  5:05  SCV x2  
  66  5:07  Supply Depot  
  66  5:09  Orbital Command  
  66  5:10  Terran Infantry Armor Level 1, Terran Infantry Weapons Level 1  
  66  5:20  Barracks, SCV  
  66  5:21  SCV, Barracks  
  68  5:22  Marine x3  
  71  5:28  Marine x2  
  71  5:33  SCV x2  
  71  5:35  SCV  
  76  5:36  Starport Reactor  
  76  5:38  Siege Tank  
  76  5:40  Supply Depot  
  79  5:44  Supply Depot  
  79  5:45  SCV x2  
  79  5:47  SCV  
  82  5:50  Marine x3  
  85  6:00  Supply Depot  
  85  6:02  SCV x3  
  90  6:05  Supply Depot  
  90  6:06  Supply Depot  
  90  6:08  Barracks Reactor x2  
  90  6:09  Combat Shield  
  90  6:12  Siege Tank  
  90  6:14  SCV x3  
  94  6:18  Refinery  
  94  6:19  Armory  
  94  6:20  Refinery  
  94  6:22  Medivac x2  
  98  6:25  Supply Depot  
  98  6:26  SCV x3  
  98  6:27  Supply Depot  
  101  6:34  Marine x4  
  101  6:35  Marine  
  101  6:38  SCV x2  
  108  6:43  Barracks  
  108  6:46  Siege Tank  
  111  6:47  Barracks x2  
  111  6:51  Supply Depot  
  111  6:53  Supply Depot, Marine x2  
  113  6:54  Supply Depot  
  113  6:56  Medivac  
  113  6:58  Medivac  
  113  6:59  Marine x2  
  119  7:02  Marine  
  119  7:03  Marine  
  119  7:06  Marine x2  
  119  7:07  Marine  
  124  7:11  Marine x2  
  123  7:15  Terran Infantry Weapons Level 2  
  123  7:17  Marine  
  123  7:18  Terran Infantry Armor Level 2, Siege Tank  
  127  7:25  Marine x3  
  127  7:27  Marine x3  
  133  7:33  Barracks Reactor  
  133  7:35  Barracks Reactor  
  133  7:36  Marine x3  
  136  7:37  Barracks Reactor  
  136  7:43  Marine x3  
  139  7:46  Medivac x2  
  139  7:47  Marine  
  139  7:48  Marine x2  
  146  7:53  Marine  
  146  7:54  Marine  
  146  7:55  Marine  
  146  7:57  Supply Depot, Siege Tank  
  146  7:58  Supply Depot  
  152  8:00  Supply Depot  
  152  8:01  Marine x3  
  155  8:05  Marine x2  
  155  8:06  Marine  
  155  8:10  Marine x2  
  155  8:11  Marine x4  
  164  8:14  Marine x2  
  165  8:24  Medivac x2, Marauder  
  170  8:32  Marine x2  
  170  8:33  Marine  
  170  8:34  Marine  
  173  8:35  Marine x2  
  173  8:36  Marine x6  
  173  8:38  Marine x2  
  183  8:42  Siege Tank  
  183  8:45  Marauder  
  188  8:50  Marine  
  188  8:51  Terran Vehicle Weapons Level 1  
  189  9:03  Supply Depot, Marine  
  189  9:04  Marine x2  
  189  9:24  Marine x9  
  189  9:25  Marine x3  
  197  9:31  Marine x2  
  197  9:32  Terran Infantry Weapons Level 3, Marauder  
  197  9:35  Siege Tank  
  186  9:42  Marine x3  
  186  9:44  Marine x3  
  186  9:45  Marine x6  
  146  9:48  Medivac x2  
  146  9:49  Marine x2  
  149  9:53  Marine  
  149  9:55  Terran Infantry Armor Level 3  
  145  10:00  Marine x3  
  145  10:02  Marine x4  
  145  10:03  Marine  
  145  10:05  Marine  
  150  10:07  Siege Tank  
  150  10:10  Marine x2  
  150  10:11  Marine x2  
  150  10:12  Marine  
  158  10:18  Medivac x2  
  158  10:21  Marine x8  
  163  10:25  Marine x2  
  171  10:31  Marine x2  
  171  10:33  Marine  
  173  10:38  Marine x2  
  173  10:39  Siege Tank, Marine  
  175  10:43  Marine x2  
  175  10:44  Marine x2  
  175  10:48  Medivac x2  
  167  11:00  Marine x4  
  167  11:03  Marine x3  
  154  11:05  Marine x2  
  154  11:08  Marine  
  138  11:11  Siege Tank, Marine x5  
  138  11:17  Marine x2  
  145  11:18  Marine x2  
  145  11:21  Marine x3  
  145  11:23  Marine x2  
  149  11:26  Marine  
  149  11:29  Marine x5  
  147  11:35  Marine x2  
  147  11:36  Marine x2  
  147  11:38  Marine  
  147  11:39  Marine x2  
  149  11:41  Marine x2  
  149  11:44  Marine  
  149  11:47  Marine x5  
  150  11:52  Siege Tank  
  150  11:53  Liberator x2, Marine  
  150  11:54  Marine x2  
  165  12:00  Marine  
  165  12:01  Marine x5  
  173  12:04  Orbital Command  
  173  12:07  Marine x4  
  173  12:08  Marine  
  172  12:11  Marine  
  172  12:12  Marine x2  
  176  12:18  Marine x3  
  176  12:25  Marine x5  
  176  12:26  Siege Tank  
  183  12:31  Marine  
  184  12:37  Marine  
  184  12:38  Marine x5  
  184  12:39  Marine  
  184  12:43  Marine  
  188  12:47  Marine x3  
  188  12:51  Marauder  
  189  12:59  Supply Depot  
  189  13:00  Supply Depot  
  189  13:03  Marine x3  
  189  13:04  Marine  
  189  13:05  Marine  
  189  13:06  Marine x3  
  189  13:08  Marine  
  189  13:09  Marine x3  
  189  13:10  Medivac  
  189  13:14  Marine  
  189  13:17  Marine  
  188  13:20  Medivac  
  188  13:22  Siege Tank, Marine x2  
  188  13:25  Marine x3  
  188  13:26  Marine  
  193  13:28  Command Center  
  193  13:30  Orbital Command  
  190  13:36  Marine x2  
  190  13:38  Marine  
  180  13:45  Marine x2  
  170  13:50  Marine x2  
  170  13:51  Marine x4  
  170  13:52  Medivac x2  
  170  13:53  SCV x2, Marine  
  178  13:59  Marine x2  
  171  14:22  Medivac x2  
  164  14:39  Ghost Academy, SCV x2  
  165  14:45  SCV, Barracks Tech Lab x2  
  165  14:51  SCV x2  
  165  14:52  Medivac x2  
  172  14:53  Barracks Tech Lab  
  172  14:58  SCV  
  172  14:59  Siege Tank  
  175  15:12  Ghost  
  175  15:13  Ghost  
  176  15:18  Ghost  
  178  15:23  Ghost  
  178  15:24  Missile Turret  
  180  15:41  Ghost x2  
  184  15:44  SCV  
  184  15:46  Ghost  
  184  15:47  Sensor Tower  
  187  15:58  Ghost  
  187  16:00  Siege Tank  
  192  16:08  Missile Turret  
  192  16:09  Bunker, Ghost  
  192  16:10  Ghost  
  196  16:12  Missile Turret  
  196  16:15  Ghost  
  192  16:27  Ghost  
  194  16:38  Ghost x2  
  198  16:40  Refinery  
  198  16:46  Refinery  
  193  16:56  Ghost x2  
Show
View Real Time Build Order
Export as new Build Order

Reynor Zerg 

Build Orders: Hatch First, Lurkers 

Get SALT Encoding   

  12  0:00  Drone  
  13  0:12  Overlord  
  13  0:16  Drone  
  14  0:30  Drone x2  
  16  0:47  Hatchery  
  15  0:50  Drone  
  15  0:54  Drone  
  17  0:58  Drone  
  18  1:11  Extractor  
  18  1:13  Spawning Pool  
  18  1:16  Drone  
  17  1:19  Drone  
  18  1:27  Drone  
  19  1:38  Drone  
  20  1:48  Overlord  
  20  2:00  Zergling x4, Queen x2  
  26  2:10  Drone x2  
  28  2:20  Drone  
  28  2:21  Drone  
  30  2:31  Drone x2  
  30  2:33  Hatchery  
  31  2:38  Metabolic Boost  
  31  2:42  Drone  
  33  2:44  Drone  
  33  2:52  Overlord  
  33  2:54  Drone  
  34  2:59  Queen  
  36  3:09  Overlord  
  36  3:10  Queen  
  36  3:11  Drone x3  
  40  3:13  Drone  
  40  3:15  Drone  
  42  3:21  Drone  
  42  3:26  Drone  
  43  3:30  Drone  
  44  3:35  Queen  
  44  3:38  Zergling x2  
  44  3:39  Drone x2  
  49  3:42  Zergling x2  
  49  3:43  Overlord  
  49  3:44  Queen  
  49  3:46  Drone  
  49  3:47  Drone  
  54  3:55  Zergling x2  
  55  3:56  Drone  
  55  3:57  Drone  
  55  4:01  Queen  
  59  4:03  Overlord  
  59  4:06  Drone  
  59  4:07  Drone  
  59  4:08  Drone  
  59  4:09  Drone  
  63  4:11  Drone  
  63  4:15  Lair  
  63  4:16  Drone  
  65  4:18  Spore Crawler  
  65  4:19  Spore Crawler  
  65  4:23  Drone x3  
  66  4:27  Spore Crawler  
  66  4:29  Extractor  
  66  4:31  Zergling x4, Baneling Nest  
  66  4:35  Overlord  
  66  4:36  Zergling x2  
  66  4:41  Overlord  
  66  4:48  Overlord  
  66  4:53  Queen, Drone  
  66  4:54  Drone x5  
  66  4:55  Overlord  
  66  4:59  Drone  
  75  5:00  Drone x2  
  75  5:02  Queen  
  75  5:03  Drone  
  75  5:04  Drone  
  81  5:08  Drone  
  82  5:15  Overseer  
  82  5:17  Centrifugal Hooks  
  82  5:21  Drone x2  
  82  5:22  Drone x2  
  82  5:24  Drone  
  82  5:27  Drone x3  
  90  5:28  Drone  
  90  5:29  Hatchery  
  90  5:30  Drone  
  90  5:32  Overlord  
  90  5:33  Drone  
  92  5:36  Drone  
  92  5:39  Queen, Extractor  
  92  5:40  Drone  
  92  5:41  Extractor  
  94  5:43  Overlord  
  94  5:48  Overlord  
  94  5:50  Drone x2  
  94  5:51  Evolution Chamber x2  
  94  5:52  Drone  
  94  5:54  Drone  
  94  5:55  Overseer  
  96  5:57  Drone  
  96  5:58  Overlord  
  95  6:04  Drone x2  
  95  6:06  Drone x3  
  95  6:09  Spore Crawler  
  99  6:13  Drone  
  99  6:16  Drone x4  
  99  6:17  Extractor  
  103  6:19  Drone x2, Extractor  
  103  6:20  Drone x2  
  103  6:22  Drone  
  107  6:26  Zerg Ground Armor Level 1, Zerg Melee Weapons Level 1  
  107  6:27  Zergling x2  
  107  6:28  Queen  
  107  6:29  Spore Crawler  
  107  6:31  Zergling x2  
  110  6:33  Zergling x2  
  110  6:38  Overlord  
  111  6:40  Baneling x7  
  111  6:41  Zergling x4  
  111  6:43  Zergling x2, Queen  
  116  6:47  Spore Crawler, Drone x3  
  116  6:50  Zergling x2, Spore Crawler  
  116  6:51  Zergling x2  
  116  6:53  Zergling x6  
  122  6:59  Zergling x8  
  126  7:04  Drone x3  
  126  7:06  Drone  
  126  7:14  Baneling x5  
  126  7:15  Zergling x6  
  129  7:16  Drone x2, Overlord  
  130  7:25  Overlord  
  130  7:26  Overlord x2  
  130  7:27  Overlord  
  130  7:28  Drone  
  130  7:29  Hydralisk Den, Drone  
  131  7:30  Zergling x4  
  131  7:33  Baneling x8  
  133  7:37  Zergling x4  
  133  7:39  Zergling x2  
  133  7:40  Zergling x2  
  137  7:45  Zergling x8  
  137  7:47  Zergling x2  
  142  7:51  Zergling x2, Hatchery  
  142  7:52  Zergling x2, Infestation Pit  
  142  7:55  Zergling x6  
  142  7:57  Zergling x6  
  148  7:59  Muscular Augments, Overlord x2  
  148  8:00  Spore Crawler  
  148  8:01  Zergling x6  
  148  8:02  Baneling  
  148  8:03  Baneling x11  
  148  8:04  Zergling x2  
  151  8:12  Zergling x6  
  151  8:14  Zergling x2  
  151  8:15  Zergling x4  
  151  8:16  Hatchery  
  151  8:18  Zergling x2  
  154  8:20  Zergling x6  
  153  8:28  Zergling x8  
  153  8:29  Hatchery  
  153  8:30  Zergling x6  
  153  8:32  Zergling x6  
  160  8:34  Zerg Melee Weapons Level 2, Zerg Ground Armor Level 2  
  160  8:35  Hive  
  160  8:36  Zergling x6  
  160  8:38  Zergling x2  
  164  8:47  Zergling x12  
  170  8:50  Baneling x13  
  170  8:51  Zergling x6  
  170  8:52  Zergling x2  
  170  8:55  Overlord  
  174  8:57  Zergling x6  
  174  8:59  Zergling x2  
  174  9:00  Zergling x2  
  178  9:06  Zergling x6  
  178  9:09  Zergling x2  
  181  9:15  Zergling x12  
  181  9:16  Queen  
  181  9:17  Zergling x2  
  188  9:19  Zergling x8  
  191  9:25  Zergling x6  
  191  9:27  Zergling x6  
  191  9:28  Zergling x2  
  191  9:33  Hydralisk  
  191  9:35  Queen  
  191  9:37  Queen  
  191  9:38  Zergling x8  
  178  9:44  Zergling x2  
  178  9:45  Zergling x6, Queen  
  140  9:46  Zergling x10  
  140  9:48  Zergling x6  
  140  9:49  Baneling  
  140  9:50  Baneling x8  
  140  9:51  Queen  
  145  9:58  Zergling x10  
  146  10:01  Zergling x4  
  146  10:02  Queen  
  146  10:03  Zergling x2  
  139  10:09  Viper x2  
  144  10:15  Hydralisk x3  
  144  10:16  Zergling x6  
  144  10:19  Baneling x10  
  147  10:21  Hydralisk x2  
  147  10:22  Zergling x6, Hydralisk  
  147  10:26  Hydralisk x2  
  147  10:27  Zergling x4  
  160  10:31  Zergling x8  
  160  10:35  Zergling x2, Hydralisk  
  167  10:36  Zergling x2  
  167  10:42  Hydralisk  
  165  10:43  Zergling x10  
  165  10:45  Hydralisk  
  165  10:46  Zergling x2  
  165  10:48  Zergling x6  
  168  10:58  Hydralisk  
  168  10:59  Zergling x2  
  136  11:12  Zergling x44  
  136  11:17  Baneling x10  
  151  11:26  Zergling x12  
  151  11:27  Hydralisk  
  155  11:37  Zergling x8, Hatchery  
  155  11:39  Hydralisk  
  154  11:45  Viper  
  155  11:47  Overlord x2  
  155  12:00  Hatchery  
  153  12:02  Lurker Den  
  152  12:10  Zergling x14  
  151  12:17  Viper x2  
  151  12:20  Baneling x6  
  156  12:29  Hydralisk x2  
  162  12:30  Zergling x6  
  162  12:35  Zergling x6  
  159  12:47  Zergling x18  
  168  13:00  Overlord x2  
  168  13:01  Seismic Spines  
  168  13:02  Lurker x4  
  163  13:07  Zergling x8  
  155  13:17  Zergling x10  
  154  13:22  Hydralisk  
  154  13:26  Lurker x3  
  157  13:29  Lurker x2  
  159  13:34  Hydralisk x2  
  146  13:54  Hydralisk x5  
  144  14:10  Hatchery  
  124  14:26  Lurker x6  
  124  14:30  Hydralisk x2  
  124  14:31  Hydralisk  
  135  14:38  Baneling x5  
  135  14:39  Baneling  
  135  14:40  Baneling  
  132  14:48  Adaptive Talons  
  132  14:52  Hydralisk  
  131  15:17  Hatchery  
  131  15:18  Zerg Missile Weapons Level 1  
  127  15:37  Hydralisk x5  
  127  15:42  Overlord  
  137  15:52  Drone x6  
  137  15:53  Drone  
  144  15:57  Lurker x2  
  144  16:01  Hydralisk  
  148  16:09  Lurker x2  
  150  16:18  Hydralisk x3  
  156  16:26  Drone x4  
  160  16:42  Zergling x20  
  160  16:46  Pneumatized Carapace  
  170  16:47  Zergling x4  
  170  16:53  Lurker x3  
  175  17:03  Zergling x14  
  175  17:06  Overlord  
  172  17:23  Zergling x2  
  172  17:24  Zergling x22, Spore Crawler  
Tags
 
Add a new tag
Caveats
  • Supply blocks, unpowered buildings, or Contaminate may cause inaccurate times.
  • Supply counts are checked every 10 seconds.